[ AOE2 MATCH · #471675358 ]
UnrankedJurchens vs Huns
Player's team · WIN
Rival team · LOSS
[ REPLAY ANALYSIS · EXTRACTED FROM THE RECORDED GAME ]
Feudal
9:16
Castle
22:43
Imperial
—
| APM avg | 53.9 |
| APM peak | 97 |
| eAPM avg | 25.5 |
| Villagers / military | 118 / 57 |
Focus
⚔️ 34.5% · 🌾 65.5%
Steppe Lancer ×29 · Scorpion ×13 · Spearman ×7 · Scout Cavalry ×7 · Monk ×1
Feudal
8:40
Castle
24:58
Imperial
—
| APM avg | 48.4 |
| APM peak | 78 |
| eAPM avg | 19.4 |
| Villagers / military | 59 / 57 |
Focus
⚔️ 36.1% · 🌾 63.9%
Knight ×21 · Spearman ×11 · Scout Cavalry ×8 · Battering Ram ×6 · Cavalry Archer ×5 · Archer ×3
Match map
Initial resources + every placement click. Lines = walls · curves = elevation contours. ◆ gold · ⬟ stone · ● berries · ✦ relic · ◌ wall gap
Your base· ✓ Closed at 22:43 · 10t walls · no gate
Jazzmas's base· Open — opponent sealed themselves in
Smoothed initial terrain · ◌ = detected wall gap · hover for details
Inputs per minute
— Dooque - - Jazzmas
Build order — Dooque
First 150 of 318 actions detected
| 0:00 | Create | Villager (Male) ×4 |
| 0:02 | Build | House |
| 0:04 | Build | House |
| 1:25 | Create | Villager (Male) |
| 1:25 | Create | Villager (Male) |
| 1:40 | Create | Villager (Male) |
| 1:40 | Create | Villager (Male) |
| 1:49 | Build | Lumber Camp |
| 2:09 | Create | Villager (Male) |
| 2:09 | Create | Villager (Male) |
| 2:31 | Create | Villager (Male) |
| 2:31 | Create | Villager (Male) |
| 3:03 | Create | Villager (Male) |
| 3:04 | Create | Villager (Male) |
| 3:25 | Build | House |
| 3:36 | Create | Villager (Male) |
| 3:36 | Create | Villager (Male) |
| 3:52 | Create | Villager (Male) |
| 3:52 | Create | Villager (Male) |
| 3:59 | Build | Mill |
| 4:07 | Create | Villager (Male) |
| 4:07 | Create | Villager (Male) |
| 4:50 | Create | Villager (Male) |
| 4:50 | Create | Villager (Male) |
| 4:51 | Create | Villager (Male) |
| 4:51 | Create | Villager (Male) |
| 5:47 | Create | Villager (Male) |
| 5:47 | Create | Villager (Male) |
| 6:08 | Research | Loom |
| 6:55 | Research | Feudal Age |
| 7:09 | Build | Lumber Camp |
| 8:06 | Build | Barracks |
| 8:13 | Build | House |
| 8:40 | Create | Villager (Male) |
| 9:16 | Age | Feudal Age |
| 9:18 | Build | Stable |
| 9:25 | Build | House |
| 9:28 | Build | House |
| 9:29 | Create | Villager (Male) |
| 9:30 | Research | Double-Bit Axe |
| 9:34 | Research | Horse Collar |
| 9:34 | Research | Horse Collar |
| 9:40 | Create | Villager (Male) |
| 9:42 | Create | Spearman |
| 9:55 | Build | House |
| 9:59 | Create | Scout Cavalry |
| 10:00 | Create | Scout Cavalry |
| 10:08 | Build | Farm |
| 10:18 | Build | House |
| 10:19 | Build | House |
| 10:23 | Create | Villager (Male) |
| 10:33 | Build | House |
| 10:39 | Build | House |
| 10:43 | Build | Farm |
| 10:44 | Create | Scout Cavalry |
| 10:58 | Create | Villager (Male) |
| 11:03 | Build | Farm |
| 11:04 | Build | House |
| 11:11 | Create | Villager (Male) |
| 11:15 | Build | House |
| 11:25 | Build | House |
| 11:31 | Build | Farm |
| 11:50 | Create | Villager (Male) |
| 11:55 | Build | House |
| 11:58 | Create | Scout Cavalry |
| 11:58 | Create | Villager (Male) |
| 12:01 | Build | Farm |
| 12:17 | Build | Farm |
| 12:31 | Create | Villager (Male) |
| 12:34 | Build | House |
| 12:40 | Build | House |
| 12:41 | Build | House |
| 12:42 | Build | House |
| 12:47 | Build | House |
| 12:51 | Create | Spearman |
| 12:55 | Create | Scout Cavalry |
| 13:07 | Build | Farm |
| 13:08 | Create | Villager (Male) |
| 13:08 | Create | Villager (Male) |
| 13:19 | Build | House |
| 13:20 | Build | Palisade Wall |
| 13:30 | Create | Spearman |
| 13:32 | Create | Villager (Male) |
| 13:34 | Create | Villager (Male) |
| 13:39 | Create | Spearman |
| 13:54 | Create | Villager (Male) |
| 13:57 | Build | Farm |
| 14:01 | Build | Farm |
| 14:02 | Build | Farm |
| 14:13 | Build | Palisade Wall |
| 14:13 | Create | Villager (Male) |
| 14:21 | Create | Villager (Male) |
| 14:26 | Create | Scout Cavalry |
| 15:02 | Create | Villager (Male) |
| 15:03 | Create | Spearman |
| 15:08 | Create | Villager (Male) |
| 15:21 | Build | Farm |
| 15:21 | Build | Farm |
| 15:21 | Build | Farm |
| 15:21 | Build | Farm |
| 15:23 | Create | Villager (Male) |
| 15:38 | Create | Villager (Male) |
| 15:38 | Create | Villager (Male) |
| 15:47 | Create | Villager (Male) |
| 15:52 | Create | Villager (Male) |
| 15:58 | Build | Mining Camp |
| 16:10 | Create | Villager (Male) |
| 16:16 | Build | Farm |
| 16:19 | Create | Scout Cavalry |
| 16:20 | Create | Spearman |
| 16:51 | Create | Villager (Male) |
| 17:12 | Create | Villager (Male) |
| 17:31 | Create | Villager (Male) |
| 17:36 | Create | Villager (Male) |
| 17:38 | Create | Villager (Male) |
| 17:44 | Create | Villager (Male) |
| 17:45 | Create | Spearman |
| 17:50 | Create | Villager (Male) |
| 17:55 | Build | Watch Tower |
| 17:55 | Create | Villager (Male) |
| 18:12 | Create | Villager (Male) |
| 18:15 | Create | Villager (Male) |
| 18:21 | Create | Villager (Male) |
| 18:24 | Build | Stone Wall |
| 18:25 | Create | Villager (Male) |
| 18:27 | Build | Farm |
| 18:27 | Build | Farm |
| 18:28 | Build | Farm |
| 18:28 | Build | Farm |
| 18:28 | Build | Farm |
| 18:29 | Build | Farm |
| 18:29 | Build | Farm |
| 18:29 | Build | Farm |
| 19:02 | Create | Villager (Male) |
| 19:14 | Create | Villager (Male) |
| 19:30 | Build | Market |
| 19:34 | Build | Market |
| 20:03 | Research | Castle Age |
| 20:03 | Research | Castle Age |
| 20:32 | Build | Blacksmith |
| 20:42 | Research | Gold Mining |
| 20:42 | Research | Gold Mining |
| 21:29 | Research | Bloodlines |
| 21:29 | Research | Bloodlines |
| 21:31 | Research | Forging |
| 21:31 | Research | Forging |
| 21:35 | Build | House |
| 21:44 | Build | Watch Tower |
| 21:52 | Research | Scale Barding Armor |
| 21:56 | Create | Villager (Male) |
Build order — Jazzmas
First 150 of 165 actions detected
| 0:00 | Create | Villager (Male) ×4 |
| 0:01 | Create | Villager (Male) ×4 |
| 1:15 | Create | Villager (Male) |
| 1:48 | Create | Villager (Male) |
| 2:10 | Build | Lumber Camp |
| 2:21 | Create | Villager (Male) |
| 2:48 | Create | Villager (Male) |
| 3:11 | Create | Villager (Male) |
| 3:29 | Create | Villager (Male) |
| 4:21 | Create | Villager (Male) |
| 4:21 | Create | Villager (Male) |
| 5:00 | Build | Mill |
| 5:05 | Create | Villager (Male) |
| 5:13 | Create | Villager (Male) |
| 5:26 | Research | Loom |
| 6:30 | Research | Feudal Age |
| 6:31 | Research | Feudal Age |
| 7:48 | Build | Barracks |
| 8:06 | Create | Villager (Male) |
| 8:07 | Create | Villager (Male) |
| 8:40 | Age | Feudal Age |
| 8:59 | Build | Stable |
| 9:07 | Create | Villager (Male) |
| 9:19 | Create | Spearman |
| 9:33 | Create | Scout Cavalry |
| 9:34 | Create | Scout Cavalry |
| 9:35 | Create | Scout Cavalry |
| 9:49 | Create | Villager (Male) |
| 9:54 | Create | Spearman |
| 9:56 | Create | Spearman |
| 10:04 | Create | Villager (Male) |
| 10:31 | Create | Villager (Male) |
| 10:36 | Create | Spearman |
| 10:50 | Create | Scout Cavalry |
| 10:51 | Create | Villager (Male) |
| 11:03 | Create | Villager (Male) |
| 11:17 | Create | Villager (Male) |
| 11:30 | Create | Scout Cavalry |
| 11:53 | Create | Villager (Male) |
| 12:17 | Build | Archery Range |
| 12:23 | Create | Scout Cavalry |
| 12:31 | Create | Villager (Male) |
| 12:40 | Build | Lumber Camp |
| 12:43 | Build | Palisade Wall |
| 12:48 | Create | Spearman |
| 12:59 | Create | Scout Cavalry |
| 13:00 | Create | Villager (Male) |
| 13:04 | Build | Farm |
| 13:19 | Create | Villager (Male) |
| 13:22 | Build | Farm |
| 13:41 | Create | Spearman |
| 13:44 | Create | Archer |
| 13:48 | Build | Mining Camp |
| 14:04 | Build | Farm |
| 14:17 | Build | Farm |
| 14:20 | Build | Farm |
| 14:21 | Build | Farm |
| 14:42 | Build | Farm |
| 14:44 | Build | Farm |
| 14:51 | Create | Villager (Male) |
| 15:12 | Create | Skirmisher |
| 15:19 | Build | Farm |
| 15:51 | Create | Villager (Male) |
| 15:52 | Create | Villager (Male) |
| 16:07 | Create | Skirmisher |
| 16:16 | Build | Farm |
| 16:18 | Build | Farm |
| 16:22 | Build | Blacksmith |
| 16:28 | Build | Palisade Wall |
| 16:33 | Build | Palisade Wall |
| 16:38 | Create | Skirmisher |
| 16:39 | Create | Villager (Male) |
| 16:45 | Create | Spearman |
| 16:57 | Build | Farm |
| 17:00 | Build | Farm |
| 17:01 | Create | Villager (Male) |
| 17:19 | Create | Spearman |
| 18:04 | Create | Villager (Male) |
| 18:04 | Create | Villager (Male) |
| 18:08 | Build | Farm |
| 18:25 | Create | Villager (Male) |
| 18:39 | Research | Fletching |
| 18:51 | Build | Farm |
| 18:54 | Build | Market |
| 19:01 | Create | Archer |
| 19:14 | Create | Villager (Male) |
| 19:24 | Create | Archer |
| 19:32 | Create | Villager (Male) |
| 19:45 | Build | Farm |
| 19:46 | Build | Farm |
| 19:47 | Build | Mill |
| 19:59 | Create | Spearman |
| 20:06 | Create | Villager (Male) |
| 20:15 | Create | Villager (Male) |
| 20:22 | Create | Spearman |
| 20:56 | Build | Palisade Wall |
| 21:17 | Research | Town Watch |
| 21:18 | Create | Villager (Male) |
| 21:22 | Build | Farm |
| 21:23 | Build | Farm |
| 21:25 | Build | Farm |
| 21:30 | Create | Spearman |
| 21:34 | Build | Farm |
| 22:04 | Build | Palisade Wall |
| 22:18 | Research | Castle Age |
| 22:52 | Research | Horse Collar |
| 22:57 | Create | Scout Cavalry |
| 22:59 | Research | Bloodlines |
| 23:06 | Build | Palisade Wall |
| 23:12 | Build | Palisade Wall |
| 23:20 | Build | Palisade Wall |
| 23:47 | Build | Palisade Wall |
| 23:55 | Build | Palisade Wall |
| 24:01 | Build | Palisade Wall |
| 24:05 | Create | Villager (Male) |
| 24:22 | Research | Double-Bit Axe |
| 24:58 | Age | Castle Age |
| 25:02 | Create | Villager (Male) |
| 25:04 | Create | Knight |
| 25:04 | Create | Knight |
| 25:07 | Create | Cavalry Archer ×3 |
| 25:34 | Research | Scale Barding Armor |
| 25:34 | Research | Forging |
| 25:48 | Create | Villager (Male) |
| 25:48 | Create | Villager (Male) |
| 26:06 | Create | Knight |
| 26:16 | Create | Knight |
| 26:31 | Build | Stable |
| 26:40 | Create | Knight |
| 26:42 | Create | Villager (Male) |
| 26:43 | Create | Villager (Male) |
| 26:43 | Create | Villager (Male) |
| 27:05 | Create | Cavalry Archer ×2 |
| 27:17 | Build | Palisade Wall |
| 27:18 | Build | Palisade Wall |
| 27:22 | Create | Knight |
| 27:22 | Create | Knight |
| 27:34 | Create | Villager (Male) |
| 27:46 | Create | Knight |
| 28:05 | Create | Villager (Male) |
| 28:15 | Create | Knight ×2 |
| 28:17 | Create | Villager (Male) |
| 28:37 | Create | Knight |
| 28:54 | Create | Villager (Male) |
| 29:01 | Build | Siege Workshop |
| 29:10 | Create | Villager (Male) |
| 29:12 | Research | Bow Saw |
| 29:15 | Create | Knight |
| 29:15 | Create | Knight |
| 29:34 | Create | Battering Ram |
Match timeline
| 7:48 | Jazzmas · first_building Barracks |
| 8:06 | Dooque · first_building Barracks |
| 8:40 | Jazzmas · age_up feudal |
| 8:59 | Jazzmas · first_building Stable |
| 9:16 | Dooque · age_up feudal |
| 9:18 | Dooque · first_building Stable |
| 12:17 | Jazzmas · first_building Archery Range |
| 12:43 | Jazzmas · wall_segment Palisade Wall x6 |
| 13:20 | Dooque · wall_segment Palisade Wall x2 |
| 14:13 | Dooque · wall_segment Palisade Wall x1 |
| 16:28 | Jazzmas · wall_segment Palisade Wall x4 |
| 16:33 | Jazzmas · wall_segment Palisade Wall x5 |
| 18:24 | Dooque · wall_segment Stone Wall x7 |
| 20:18 | Jazzmas · first_market_buy 100 food |
| 20:49 | Jazzmas · first_market_sell 100 wood |
| 20:56 | Jazzmas · wall_segment Palisade Wall x1 |
| 21:40 | Dooque · first_market_buy 100 stone |
| 22:04 | Jazzmas · wall_segment Palisade Wall x1 |
| 22:43 | Dooque · age_up castle |
| 23:06 | Jazzmas · wall_segment Palisade Wall x5 |
| 23:12 | Jazzmas · wall_segment Palisade Wall x16 |
| 23:20 | Jazzmas · wall_segment Palisade Wall x8 |
| 23:47 | Jazzmas · wall_segment Palisade Wall x1 |
| 23:55 | Jazzmas · wall_segment Palisade Wall x3 |
| 23:58 | Dooque · wall_segment Stone Wall x1 |
| 24:01 | Jazzmas · wall_segment Palisade Wall x2 |
| 24:58 | Jazzmas · age_up castle |
| 25:15 | Dooque · first_building Siege Workshop |
| 27:17 | Jazzmas · wall_segment Palisade Wall x2 |
| 27:18 | Jazzmas · wall_segment Palisade Wall x3 |
| 29:01 | Jazzmas · first_building Siege Workshop |
| 29:06 | Dooque · first_building Monastery |
| 31:47 | Dooque · first_market_sell 100 food |
| 32:49 | Jazzmas · resign |
[ AI ANALYSIS · 1 CREDIT ]
What really happened in this match?
Wolo.gg analyzes every decision: build order, eco, micro, common mistakes by bracket. Personalized analysis on WhatsApp or Discord in 30 seconds.
Civ guide
Jurchens
Perfil
Jugador #2489825